 Dungeon Crawl Stone Soup version 0.18.1-48-g4cf74bf (webtiles) character file.

58 thepunisher the Firebug (level 3, -2/19 HPs)
             Began as a Deep Elf Fire Elementalist on Aug 26, 2016.
             Slain by Burgietje's ghost (9 damage)
             ... on level 3 of the Dungeon.
             The game lasted 00:07:08 (1539 turns).

thepunisher the Firebug (DEFE)                      Turns: 1539, Time: 00:07:09

Health: -2/19      AC:  2    Str:  5    XL:     3   Next: 76%
Magic:  9/9        EV: 13    Int: 20    God:
Gold:   100        SH:  0    Dex: 15    Spells: 1 memorised, 7 levels left

rFire  . . .     SeeInvis .     d - +1 dagger (elec)
rCold  . . .     Gourm    .     a - +0 robe
rNeg   . . .     Faith    .     (no shield)
rPois  .         Spirit   .     (no helmet)
rElec  .         Dismiss  +     (no cloak)
rCorr  .         Reflect  .     (no gloves)
SustAt .         Harm     .     (no boots)
MR     .....                    i - amulet of dismissal
Stlth  ++........               (no ring)
                                (no ring)

@: not resistant to hostile enchantments, unstealthy
A: no striking features
a: no special abilities


You were on level 3 of the Dungeon.
You were not hungry.

You visited 1 branch of the dungeon, and saw 3 of its levels.

You collected 100 gold pieces.

Inventory:

Hand Weapons
 d - a +1 dagger of electrocution (weapon)
Armour
 a - a +0 robe (worn)
Jewellery
 i - an amulet of dismissal (around neck)
Scrolls
 e - a scroll of amnesia {unknown}
 h - 2 scrolls of remove curse
 p - a scroll of recharging {unknown}
Potions
 f - 2 potions of curing
 g - a potion of might {unknown}
 j - a potion of mutation {unknown}
 k - a potion of ambrosia {unknown}
 l - a potion of flight {unknown}
 m - a potion of agility {unknown}
 o - a potion of lignification {unknown}
 q - a potion of haste {unknown}
Books
 b - a book of Flames

   Spells                             Type                      Level
   a - Flame Tongue                   Conjuration/Fire             1
   b - Throw Flame                    Conjuration/Fire             2
   c - Conjure Flame                  Conjuration/Fire             3
   d - Inner Flame                    Hexes/Fire                   3
   e - Sticky Flame                   Conjuration/Fire             4
   f - Fireball                       Conjuration/Fire             5
Comestibles
 c - a bread ration


   Skills:
 + Level 2.9 Dodging
 + Level 3.0 Stealth
 + Level 3.3 Spellcasting
 + Level 1.8 Conjurations
 + Level 4.2 Fire Magic


You had 7 spell levels left.
You knew the following spells:

 Your Spells              Type           Power        Failure   Level  Hunger
a - Flame Tongue          Conj/Fire      ###..        4%          1    None


Dungeon Overview and Level Annotations

Branches:
Dungeon (3/15)

Altars:
Dithmenos

Annotations:
D:3 Burgietje's ghost, amateur MiFi


Message History

You miss the quokka. The quokka barely misses you.
You completely miss the quokka. The quokka bites you.
You barely miss the quokka.
Burgietje's ghost turns its malevolent gaze towards you.
The quokka bites you. x2
You closely miss Burgietje's ghost. Burgietje's ghost misses you.
The quokka bites you.
* * * LOW HITPOINT WARNING * * *
You are too injured to fight recklessly!
You are too injured to fight recklessly!
You are too injured to fight recklessly!
You are too injured to fight recklessly!
You are too injured to fight recklessly!
You are too injured to fight recklessly!
You are too injured to fight recklessly!
You are too injured to fight recklessly!
You are too injured to fight recklessly!
Drink which item? (? for menu, Esc to quit)
You feel better. Burgietje's ghost hits you!
You die...

##...##
#####.....###..
...............
#...<...# .
#.......###..
######....)#....
.....)..(....#.#
#####.......#..#
#....@W.# #
#.....r.#
............#
).....(......#
.####...####...
#.### #### #. #.


You could see Burgietje's ghost and a quokka.

Vanquished Creatures
  An adder (D:2)
  An ooze (D:2)
  2 worms (D:2)
  8 bats
  A giant cockroach (D:1)
  2 goblins
  6 hobgoblins
  A quokka (D:2)
  2 ball pythons
  6 kobolds
  9 rats
39 creatures vanquished.

Notes
Turn   | Place    | Note
--------------------------------------------------------------
     0 | D:1      | thepunisher the Deep Elf Fire Elementalist began the quest for the Orb.
     0 | D:1      | Reached XP level 1. HP: 10/10 MP: 6/6
   145 | D:1      | Reached XP level 2. HP: 15/15 MP: 2/8
   713 | D:2      | Found a faded altar to an unknown god.
   751 | D:2      | Reached XP level 3. HP: 19/19 MP: 9/9
   867 | D:2      | Reached skill level 4 in Fire Magic
   911 | D:2      | Found a shadowy altar of Dithmenos.
  1533 | D:3      | Noticed Burgietje's ghost (amateur MiFi)
  1539 | D:3      | Slain by Burgietje's ghost

Skill      XL: |  1  2  3 |
---------------+----------+-----
Fire Magic     | 4 |  4.2
Stealth        | 3 |  3.0
Dodging        | |  2.9
Spellcasting   | |  3.3
Conjurations   | |  1.8

Action                   || total
-------------------------++-------
Melee: Unarmed           ||     1
       Dagger            ||    65
 Cast: Flame Tongue      ||    21
  Use: Scroll            ||     2
       Potion            ||     1
 Stab: Sleeping          ||     6
  Eat: Chunk             ||     2
Armor: Robe              ||    12
Dodge: Dodged            ||    39
